 Dungeon Crawl Stone Soup version 0.18-a0-1626-g65af6d3 (webtiles) character file.

597 Sixotanaka the Frost Mage (level 7, -2/46 HPs)
             Began as a Merfolk Ice Elementalist on Mar 24, 2016.
             Slain by an ice beast (7 damage)
             ... on level 5 of the Dungeon.
             The game lasted 00:08:48 (5007 turns).

Sixotanaka the Frost Mage (MfIE)                    Turns: 5007, Time: 00:08:49

Health: -2/46      AC:  3    Str:  8    XL:     7   Next: 40%
Magic:  10/10      EV: 13    Int: 17    God:
Gold:   211        SH:  0    Dex: 14    Spells: 2 memorised, 7 levels left

rFire  . . .     SeeInvis .     s - +2 dagger (drain)
rCold  . . .     Gourm    .     l - +0 robe
rNeg   . . .     Faith    .     (no shield)
rPois  .         Spirit   .     k - +0 helmet
rElec  .         Dismiss  .     (no cloak)
rCorr  +         Reflect  .     (no gloves)
SustAt .         Harm     .     (no boots)
MR     .....                    (no amulet)
Stlth  ++........               (no ring)
                                u - ring of resist corrosion

@: not resistant to hostile enchantments, unstealthy
A: change form in water, swift swim
a: no special abilities


You were on level 5 of the Dungeon.
You were not hungry.

You visited 1 branch of the dungeon, and saw 5 of its levels.

You collected 211 gold pieces.


   Skills:
 - Level 2.6 Dodging
 - Level 2.1 Stealth
 - Level 2.0 Spellcasting
 - Level 0.7 Conjurations
 + Level 9.1 Ice Magic


You had 7 spell levels left.
You knew the following spells:

 Your Spells              Type           Power        Failure   Level  Hunger
x - Throw Frost           Conj/Ice       ###...       4%          2    ###....
z - Freeze                Ice            ####         1%          1    #......


Dungeon Overview and Level Annotations

Branches:
Dungeon (5/15)
 Temple: D:4-7

Altars:

Inventory:

Hand Weapons
 s - a +2 dagger of draining (weapon)
   (You took it off Jessica on level 3 of the Dungeon)
Missiles
 d - 29 poisoned needles
 g - 164 stones (quivered)
 o - 3 poisoned tomahawks
 v - 3 exploding tomahawks
Armour
 k - a +0 helmet (worn)
 l - a +0 robe (worn)
Jewellery
 f - an uncursed amulet of guardian spirit
 u - a ring of resist corrosion (left hand)
Scrolls
 e - 4 scrolls of remove curse {@r2}
 j - 3 scrolls of identify {unknown}
 t - 2 scrolls of fog {unknown}
 y - a scroll of immolation {unknown}
 z - a scroll of noise {unknown}
 A - 2 scrolls of blinking {unknown}
Potions
 a - a potion of curing {unknown}
 i - a potion of haste {unknown}
 m - a potion of degeneration {unknown}
 q - a potion of heal wounds {unknown}
 w - a potion of berserk rage {unknown}
Books
 b - a book of Frost
 r - a book of Summonings
Comestibles
 c - 5 bread rations
 h - 2 beef jerkies
 n - 2 meat rations
 p - 2 fruits
 x - a slice of pizza

.#.....+...#####'##.............
.#.....#...'......#####.........
.#.....#...##.........#.........
.##....#...##.........'.........
..+....#...#..........#.........
.)#....#...#....).....#YS.....
#+#....#.######..###..#.......
####.######..# #####....##
+.........#Y@# ....#
#............+ ....#
#....##..#...# ....#
#....######### #####.....#
#.........# #.........#
##+##.....# #....##########


You could see an ice beast.


Message History

You destroy the adder zombie!
No target in view!
You start resting.
You open the door.
There is an open door here.
There is an open door here.
You open the door.
Found a bread ration.
There is an open door here.
c - 5 bread rations (gained 1)
You open the door.
There is an open door here.
You open the door.
A giant cockroach comes into view.
Found a scroll labeled XIGUMO ZAJOU.
A giant cockroach is nearby!
There is an open door here.
The giant cockroach closely misses you.
There is an open door here.
Casting: Freeze
Aiming: Freeze
Aim: a giant cockroach (clinging)
You freeze the giant cockroach.
You kill the giant cockroach!
There is an open door here.
There is an open door here.
There is an open door here.
Casting: Freeze
Okay, then.
Okay, then.
All of the chunks of flesh in your inventory have rotted away.
There is an open door here.
The ice beast hits you but does no damage.
The ice beast closely misses you.
There is an open door here.
You hit the ice beast but do no damage. The ice beast hits you.
The ice beast freezes you!
You barely miss the ice beast. The ice beast hits you.
The ice beast freezes you.
You hit the ice beast. You drain the ice beast! The ice beast misses you.
There is an open door here.
The ice beast barely misses you.
There is an open door here.
The ice beast seems less drained.
You hit the ice beast. The ice beast barely misses you.
You barely miss the ice beast. The ice beast misses you.
You hit the ice beast. You drain the ice beast! The ice beast hits you.
The ice beast freezes you.
You hit the ice beast but do no damage. The ice beast hits you.
The ice beast freezes you!
* * * LOW HITPOINT WARNING * * *
There is an open door here.
The ice beast misses you.
The ice beast seems less drained.
You hit the ice beast.
The ice beast hits you but does no damage.
You hit the ice beast but do no damage. You drain the ice beast!
The ice beast hits you.
* * * LOW HITPOINT WARNING * * *
The ice beast freezes you!
* * * LOW HITPOINT WARNING * * *
Drink which item? (? for menu, Esc to quit)
Okay, then.
Read which item? (? for menu, Esc to quit)
Okay, then.
You hit the ice beast but do no damage. You drain the ice beast!
The ice beast hits you.
* * * LOW HITPOINT WARNING * * *
The ice beast freezes you!
You die...

Action                   |  1- 3 |  4- 6 |  7- 9 || total
-------------------------+-------+-------+-------++-------
Melee: Unarmed           |     4 |     2 |       ||     6
       Dagger            |       |     7 |    23 ||    30
Throw: Stone             |     1 |     1 |       ||     2
 Cast: Freeze            |    55 |    80 |    10 ||   145
       Throw Frost       |       |    22 |     1 ||    23
  Use: Scroll            |     1 |       |       ||     1
 Stab: Sleeping          |       |     2 |     2 ||     4
  Eat: Chunk             |     3 |    12 |     2 ||    17

Vault maps used:
D:1:      dpeg_arrival_shrine
D:2:      first_bread
D:3:      uniq_jessica
D:5:      trog_hazing_becter

Notes
Turn   | Place    | Note
--------------------------------------------------------------
     0 | D:1      | Sixotanaka the Merfolk Ice Elementalist began the quest for the Orb.
     0 | D:1      | Reached XP level 1. HP: 13/13 MP: 3/3
   271 | D:1      | Reached XP level 2. HP: 19/19 MP: 1/5
   361 | D:1      | Reached skill level 4 in Ice Magic
  1034 | D:2      | Reached XP level 3. HP: 24/24 MP: 4/6
  1512 | D:2      | Reached skill level 5 in Ice Magic
  1651 | D:2      | Reached XP level 4. HP: 27/30 MP: 5/7
  2133 | D:3      | Learned a level 2 spell: Throw Frost
  2136 | D:3      | Noticed an ogre
  2396 | D:3      | Reached skill level 6 in Ice Magic
  2396 | D:3      | Reached XP level 5. HP: 35/35 MP: 0/8
  2862 | D:3      | Noticed Jessica
  2886 | D:3      | Killed Jessica
  3374 | D:3      | Reached skill level 7 in Ice Magic
  3374 | D:3      | Reached XP level 6. HP: 24/41 MP: 1/9
  3884 | D:4      | Reached skill level 8 in Ice Magic
  4141 | D:5      | Entered Level 5 of the Dungeon
  4455 | D:5      | Reached XP level 7. HP: 46/46 MP: 0/10
  4720 | D:5      | Reached skill level 9 in Ice Magic
  5006 | D:5      | HP: 8/46 [ice beast (7)]
  5007 | D:5      | Slain by an ice beast

Vanquished Creatures
  2 ogres
  A crimson imp (D:5)
  2 hounds
  Jessica (D:3)
  An orc wizard (D:3)
  2 worker ants
  13 adders
  2 oozes (D:2)
  An adder zombie (D:5)
  3 dart slugs
  2 giant geckos
  17 orcs
  A ball python (D:3)
  4 giant cockroaches
  5 goblins
  6 hobgoblins
  4 jackals (D:2)
  3 quokkas
  7 bats
  2 giant newts
  7 kobolds
  5 rats
91 creatures vanquished.
